 Dungeon Sprint DCSS version 0.30.1-4-g462c640d31 (webtiles) character file.

Game seed: 15763601048464708495

2363 Heoruswealwe the Brawler (level 9, -1/88 HPs)
             Began as a Troll Berserker on Aug 22, 2023.
             Was a High Priest of Trog.
             Shot with a bolt by a yaktaur captain (32 damage)
             ... in the Dungeon (Sprint II: "The Violet Keep of Menkaure").
             The game lasted 00:09:36 (358 turns).

Heoruswealwe the Brawler (Troll Berserker)           Turns: 358, Time: 00:09:37

Health: -1/88      AC:  4    Str: 31    XL:     9   Next: 21%
Magic:  8/8        EV: 13    Int:  3    God:    Trog [*****.]
Gold:   444        SH:  0    Dex: 12    Spells: 8/8 levels left

rFire   + .          .
                       - Unarmed
rCold   . . .        (no shield)
rNeg    . . .        c - +0 animal skin
rPois   +            (helmet restricted)
rElec   +            (no cloak)
rCorr   .            (gloves unavailable)
SInv    .            (boots unavailable)
Will    .....        (no amulet)
Stlth   +            k - ring "Pacice" {rElec rF+ Dex+3}
HPRegen 1.14/turn    (no ring)
MPRegen 0.11/turn

%: no teleportation
@: unable to drink
A: large, unfitting armour, claws 3, regeneration 1, shaggy fur 1, tough skin 1,
frail 1, poison resistance, inability to drink after injury 1
a: Renounce Religion, Berserk, Trog's Hand, Brothers in Arms


You were in the Dungeon.
You worshipped Trog.
Trog was extremely pleased with you.
You visited 1 branch You collected 972 gold pieces.
You spent 528 gold pieces at shops.

Inventory:

Armour
 c - a +0 animal skin (worn)
Jewellery
 k - the ring "Pacice" (left claw) {rElec rF+ Dex+3}
   (You bought it in a shop in the Dungeon)

   [ring of protection from fire]

   Dex:       It affects your dexterity (+3).
   rF:        It protects you from fire.
   rElec:     It insulates you from electricity.
Scrolls
 a - 3 scrolls of identify {unknown}
 g - a scroll of blinking
Potions
 b - a potion of curing
 d - a potion of haste
 e - 2 potions of magic
 f - a potion of berserk rage


   Skills:
 + Level 9.3 Fighting
 + Level 9.3 Dodging
 * Level 15.1 Unarmed Combat


You had 8 spell levels left.
You didn't know any spells.
Your spell library was empty.

Dungeon Overview and Level Annotations

Branches:
Dungeon (1/1)

Altars:

Shops:
D [!:*=:[:(=?![(=

Annotations:
D exclusion: oklob plant, Kirke, Roxanne


Innate Abilities, Weirdness & Mutations

You are too large for most types of armour.
You have claws for hands.
Your natural rate of healing is unusually fast.
You are covered in fur. (AC +1)
You have tough skin. (AC +1)
You are frail. (-10% HP)
Your system is resistant to poisons. (rPois)
You occasionally lose the ability to drink potions when taking damage.


Message History

a - a +0 animal skin (worn)
Adjust to which letter? (? for menu, Esc to quit)
c - a +0 animal skin (worn);
a - 3 scrolls labelled ISUGEPNEXZE There's nothing to open nearby.
You feel agile.
k - the ring "Pacice" (left claw) {rElec rF+ Dex+3}
There is an entrance to Heny's Book Shoppe here.
The large slime creature jiggles.
There is an entrance to Fyf Leri's Jewellery Emporium here.
There is an entrance to Lyiblar's Distillery here.
You can access your shopping list by pressing '$'.
There is an entrance to Duch's Book Emporium here.
There is an entrance to Hoxeci's Weapon Shoppe here.
There is an entrance to Vaetuf's Antique Armour Emporium here.
You can access your shopping list by pressing '$'.
There is an entrance to Olig's Jewellery Emporium here.
You can access your shopping list by pressing '$'.
There is an entrance to Maom's Magic Scroll Shoppe here.
Search for what [Enter for ",", or ? for help]? map
There is an entrance to Vaetuf's Antique Armour Emporium here.
A large slime creature splits.
There is an open door here.
You enter the shallow water.
The lava snake hisses angrily.
A centaur warrior, Kirke and a yaktaur captain come into view.
The lava snake hisses angrily.
The centaur warrior shouts!
Kirke shouts!
The yaktaur captain shouts!
You hear a shout!
Kirke moves out of view.
A kobold demonologist comes into view. It is wielding a +0 dagger.
The kobold demonologist looks braver for a moment.
A skeletal warrior comes into view. It is wielding a +0 long sword.
The yaktaur captain wields a +0 arbalest.
The yaktaur captain shoots a bolt.
The bolt hits you!!
The yaktaur captain shoots a bolt.
The bolt hits you!!
You open the door.
The lava snake hisses angrily.
The yaktaur captain shoots a bolt.
The bolt barely misses you.
The yaktaur captain shoots a bolt.
The bolt hits you!!
You feel threatened and lose the ability to drink potions!
You die...

#### ## ##≈§§§≈§§ S○§≈≈§§§§## #
§S≈≈≈§§§§§# cz#### ≈○§≈○≈○
K@.~## §SS≈
##########@c#+++#+++##
#########~~~.........#
.......∩#~~~~.##@##..#
∩.....∩.#~~~~##...## ####
.∩...∩.∩#~~~~#.##..# ..#
∩.∩.∩.∩.#~~####.######..##
.∩.∩....#~##.###'###.##..#
..∩.∩...#~#...##.##...#..#
...⌠....'~+###'.<.')#.+..###
........#~#...##.##...#....###^
▓▓▓▓▓▓###~##.###†###.##......~~


You could see Kirke, a yaktaur captain and 2 lava snakes.

Vanquished Creatures
  2 boulder beetles (D)
  A merfolk siren (D)
  4 neqoxecs (D)
  2 water moccasins (D)
  4 necrophages (D)
13 creatures vanquished.

Vanquished Creatures (others)
  Menkaure (D)
1 creature vanquished.

Grand Total: 14 creatures vanquished

Notes
Turn   | Place    | Note
-------+----------+-------------------------------------------
     0 | D        | Heoruswealwe the Troll Berserker began the quest for the
                  | Orb.
     0 | D        | Reached XP level 1. HP: 22/22 MP: 0/0
     1 | D        | Noticed a neqoxec
     6 | D        | Gained mutation: Your system is resistant to poisons.
                  | (rPois) [a neqoxec]
    11 | D        | Killed a neqoxec
    12 | D        | Reached skill level 7 in Unarmed Combat
    12 | D        | Reached XP level 2. HP: 33/33 MP: 1/1
    12 | D        | Reached XP level 3. HP: 40/40 MP: 2/2
    12 | D        | Reached XP level 4. HP: 49/49 MP: 3/3
    15 | D        | Noticed a boulder beetle
    15 | D        | Noticed a boulder beetle
    27 | D        | Killed Menkaure
    38 | D        | Noticed a necrophage
    38 | D        | Noticed a necrophage
    38 | D        | Noticed a necrophage
    38 | D        | Noticed a necrophage
    42 | D        | Killed a necrophage
    43 | D        | Reached skill level 5 in Fighting
    43 | D        | Reached skill level 5 in Dodging
    43 | D        | Reached skill level 8 in Unarmed Combat
    43 | D        | Reached XP level 5. HP: 54/57 MP: 4/4
    45 | D        | Reached ** piety under Trog
    46 | D        | Reached skill level 9 in Unarmed Combat
    52 | D        | Reached XP level 6. HP: 55/67 MP: 5/5
    54 | D        | Reached skill level 10 in Unarmed Combat
    68 | D        | Noticed Roxanne
    79 | D        | Noticed a merfolk siren
    89 | D        | Killed a merfolk siren
    89 | D        | Reached *** piety under Trog
    90 | D        | Reached skill level 11 in Unarmed Combat
    90 | D        | Reached XP level 7. HP: 67/78 MP: 6/6
   117 | D        | Noticed a neqoxec
   117 | D        | Noticed a neqoxec
   117 | D        | Noticed a neqoxec
   120 | D        | Gained mutation: You are frail. (-10% HP) [a neqoxec]
   128 | D        | Killed a neqoxec
   129 | D        | Reached skill level 12 in Unarmed Combat
   131 | D        | Gained mutation: You occasionally lose the ability to drink
                  | potions when taking damage. [a neqoxec]
   133 | D        | Killed a neqoxec
   136 | D        | Killed a neqoxec
   136 | D        | Reached **** piety under Trog
   137 | D        | Reached XP level 8. HP: 39/79 MP: 7/7
   196 | D        | Reached skill level 13 in Unarmed Combat
   217 | D        | Killed a boulder beetle
   218 | D        | Reached skill level 14 in Unarmed Combat
   224 | D        | Killed a boulder beetle
   224 | D        | Reached ***** piety under Trog
   225 | D        | Reached skill level 15 in Unarmed Combat
   225 | D        | Reached XP level 9. HP: 88/88 MP: 8/8
   232 | D        | Found Vaetuf's Antique Armour Emporium.
   232 | D        | Found Hoxeci's Weapon Shoppe.
   232 | D        | Found Olig's Jewellery Emporium.
   232 | D        | Found Maom's Magic Scroll Shoppe.
   232 | D        | Found Ussepus's Distillery.
   232 | D        | Found Beguyx's Antique Weapon Shoppe.
   233 | D        | Found Uprisaod's Jewellery Emporium.
   233 | D        | Found Heny's Book Shoppe.
   234 | D        | Found Axiunkuo's Antique Armour Shoppe.
   234 | D        | Found Duch's Book Emporium.
   236 | D        | Noticed a shining eye
   286 | D        | Found Fyf Leri's Jewellery Emporium.
   286 | D        | Found Miehurr's Assorted Antiques.
   286 | D        | Noticed a shining eye
   286 | D        | Noticed a shining eye
   286 | D        | Noticed an oklob plant
   287 | D        | Found Lyiblar's Distillery.
   287 | D        | Found Moppetoj's Book Shoppe.
   287 | D        | Found Roacopn's Antique Armour Emporium.
   312 | D        | Bought a scroll labelled ISUGEPNEXZE for 25 gold pieces
   312 | D        | Bought a scroll labelled ISUGEPNEXZE for 25 gold pieces
   312 | D        | Bought a scroll labelled ISUGEPNEXZE for 25 gold pieces
   328 | D        | Bought the ring "Pacice" {rElec rF+ Dex+3} for 453 gold
                  | pieces
   352 | D        | Noticed a centaur warrior
   352 | D        | Noticed Kirke
   352 | D        | Noticed a yaktaur captain
   353 | D        | Noticed a kobold demonologist
   354 | D        | Noticed a skeletal warrior
   358 | D        | Shot with a bolt by a yaktaur captain

Illustrated notes

Levels and vault maps discovered:
D:        the_violet_keep_of_menkaure [sprint2_stairs_cluster_1,
          sprint2_shoproom, sprint2_temple, sprint2_basic_supplies,
          sprint2_obstacle_6, sprint2_obstacle_7, sprint2_obstacle_5,
          sprint2_obstacle_1, sprint2_obstacle_4, sprint2_timed_cluster_1,
          sprint2_smallroom_cluster_1, sprint2_smallroom_final_cluster_1,
          sprint2_transparent_cluster_1, sprint2_second_timed_cluster_1,
          sprint2_sniper_area_1, sprint2_heavy_combat_area_1,
          sprint2_mutation_trap_area_1, sprint2_forest_area_1,
          sprint2_light_combat_area_1, sprint2_behind_water_1,
          sprint2_near_end_vault_1]

Skill      XL: |  1  2  3  4  5  6  7  8 |
---------------+-------------------------+-----
Fighting       | 4 5 7 9 |  9.3
Dodging        | 4 5 7 9 |  9.3
Unarmed Combat | 7 8 9 11 12 15 | 15.1

Action                     |  1- 3 |  4- 6 |  7- 9 || total
---------------------------+-------+-------+-------++-------
  Melee: Unarmed           |     8 |    27 |    39 ||    74
         Punch             |     1 |     3 |     2 ||     6
    Use: Potion            |       |     1 |       ||     1
 Armour: Animal skin       |     2 |     2 |     4 ||     8
  Dodge: Dodged            |     4 |       |    12 ||    16
